 Dungeon Crawl Stone Soup version 0.31-a0-795-g5eb97db20b (webtiles) character file.

Game seed: 15741579671188549813

440 lunkers the Ruffian (level 7, -2/44 HPs)
             Began as a Meteoran Shapeshifter on Sept 18, 2023.
             Slain by a gnoll
             ... wielding a +0 halberd
             ... led by a gnoll bouda
              (4 damage)
             ... on level 5 of the Dungeon.
             The game lasted 00:03:57 (1676 turns).

lunkers the Ruffian (Meteoran Shapeshifter)         Turns: 1676, Time: 00:03:58

Health: -2/44      AC: 10    Str: 17    XL:     7   Next: 46%
Magic:  8/8        EV: 12    Int: 11    God:
Gold:   189        SH:  0    Dex: 18    Spells: 6/6 levels left

rFire   . .          .
                       - Unarmed
rCold   . . .        (shield currently unavailable)
rNeg    . . .        e - +0 ring mail
rPois   .            o - +1 helmet of Twilight {Dex+3}
rElec   .            (no cloak)
rCorr   .            (no gloves)
SInv    .            f - +2 pair of boots
Will    .....        (no amulet)
Stlth   +            (no ring)
HPRegen 0.27/turn    (no ring)
MPRegen 0.11/turn

%: no passive effects
@: lethally poisoned (-2 -> -2), flux-form, weak-willed, glowing
A: glow, contaminating, reduced hp, sense surroundings 1, otherworldly, glowing,
explore regen
a: Begin Untransformation


You were on level 5 of the Dungeon.
You were something dangerously unstable.
You visited 1 branch of the dungeon, and saw 5 of its levels.

You collected 189 gold pieces.

Inventory:

Armour
 e - a +0 ring mail (worn)
 f - a +2 pair of boots (worn)
 o - the +1 helmet of Twilight (worn) {Dex+3}
   (You found it on level 4 of the Dungeon)

   Dex+3:     It affects your dexterity (+3).
Talismans
 c - a beast talisman
 d - a flux talisman (active)
Wands
 l - a wand of flame (25)
Scrolls
 j - a scroll of poison
Potions
 b - a potion of lignification
 h - a potion of degeneration {unknown}
 i - a potion of curing {unknown}
 k - 2 potions of might
 m - a potion of cancellation {unknown}


   Skills:
 + Level 1.6 Fighting
 + Level 2.6 Dodging
 * Level 7.5 Unarmed Combat
 + Level 5.6 Shapeshifting


You had 6 spell levels left.
You didn't know any spells.
Your spell library contained the following spells:

 Spells                   Type           Power      Damage    Failure   Level
 Ensorcelled Hibernation  Hex/Ice        0%         N/A       69%         2
 Jinxbite                 Hex            0%         N/A       69%         2
 Poisonous Vapours        Pois/Air       0%         N/A       69%         2
 Call Canine Familiar     Summ           0%         N/A       89%         3
 Dazzling Flash           Conj/Hex       0%         N/A       89%         3
 Mephitic Cloud           Conj/Pois/Air  0%         N/A       89%         3
 Sigil of Binding         Hex            0%         N/A       89%         3
 Volatile Blastmotes      Fire/Tloc      0%         2d10      89%         3
 Anguish                  Hex/Necr       0%         N/A       100%        4
 Dimensional Bullseye     Hex/Tloc       0%         N/A       100%        4
 Leda's Liquefaction      Hex/Erth       0%         N/A       100%        4
 Freezing Cloud           Conj/Ice/Air   0%         6-21      100%        5
 Starburst                Conj/Fire      0%         6d3       100%        6
 Maxwell's Capacitive Co  Air            0%         ∞         100%        8


Dungeon Overview and Level Annotations

Branches:
Dungeon (5/15) Zot: 1344
 Temple: D:4-7

Altars:


Innate Abilities, Weirdness & Mutations

You are something dangerously unstable.
You glow with magical radiation, making you easy to see and hit.
Foes you strike become dangerously contaminated with magical radiation.
Your maximum health is decreased, since you lack skill for your form.
You are incapable of wielding weapons or throwing items.
You passively map a small area around you.
You are easily found by Zot.
You glow in the dark.
You regain HP and MP as you explore.


Message History

The gnoll misses you. x2; The gnoll bouda barely misses you.
The gnoll hits you with a +0 spear.
You hit the gnoll bouda but do no damage.
The gnoll bouda shudders as magic cascades through it.
The gnoll bouda twists and deforms.
The gnoll bouda is moderately wounded.
You feel sick.
The gnoll hits you from afar with a +0 halberd!
* * * LOW HITPOINT WARNING * * *
The gnoll misses you.
The gnoll bouda hits you with a +0 club.
* * * LOW HITPOINT WARNING * * *
The gnoll hits you with a +0 spear.
* * * LOW HITPOINT WARNING * * *
You feel sick. The gnoll attacks as it pursues you!
The gnoll barely misses you. The gnoll hits you but does no damage.
You feel sick. The gnoll attacks as it pursues you!
The gnoll barely misses you. x2
You feel sick. The gnoll attacks as it pursues you!
The gnoll barely misses you.
You feel sick. The gnoll hits you but does no damage.
The gnoll attacks as it pursues you!
The gnoll hits you from afar with a +0 halberd.
* * * LOW HITPOINT WARNING * * *
As you read the scroll labelled CUULOG ROLOTU, it crumbles to dust.
Magic quickly surges around you.
It was a scroll of vulnerability.
You feel sick. The gnoll closely misses you.
The gnoll hits you from afar with a +0 spear.
* * * LOW HITPOINT WARNING * * *
The gnoll bouda hits you with a +0 club.
* * * LOW HITPOINT WARNING * * *
The gnoll hits you but does no damage.
As you read the scroll labelled JYRATU ZUWNA, it crumbles to dust.
It is a scroll of enchant weapon.
You aren't carrying any weapons that can be enchanted.
You feel sick. The gnoll barely misses you. The gnoll closely misses you.
The gnoll bouda hits you with a +0 club.
* * * LOW HITPOINT WARNING * * *
The gnoll hits you from afar with a +0 halberd.
You die...

##############
#............# *
#######............#
......#............# , ,.
......#............# ,, ,..
......#............# , ...
......#............# ,.... *
..#...#.........pg.# ,.....
..#########....#..g###......
...............#ggg.........
...............#..g.........
##.............#............
.#.............#............
.#######.......##.##.#######
, .......#........#.##.. ,
.......#......#.#. ##.. *


You could see a gnoll bouda (weak-willed, misshapen) and 5 gnolls.

Vanquished Creatures
  Sigmund (D:3)
  An orc priest (D:5)
  A sleepcap (D:5)
  Jessica (D:3)
  An orc wizard (D:5)
  Terence (D:3)
  3 gnolls (D:4)
  4 adders
  A worm (D:3)
  5 dart slugs
  3 orcs (D:5)
  2 ball pythons
  4 endoplasms
  6 giant cockroaches
  4 goblins
  3 hobgoblins
  8 jackals (D:1)
  4 kobolds
  4 quokkas
  6 bats
  4 rats
67 creatures vanquished.

Notes
Turn   | Place    | Note
-------+----------+-------------------------------------------
     0 | D:1      | lunkers the Meteoran Shapeshifter began the quest for the
                  | Orb.
     0 | D:1      | Reached XP level 1. HP: 16/16 MP: 2/2
    79 | D:1      | Reached skill level 4 in Unarmed Combat
    79 | D:1      | Reached XP level 2. HP: 21/23 MP: 3/3
   171 | D:1      | Reached XP level 3. HP: 27/28 MP: 4/4
   415 | D:2      | Reached XP level 4. HP: 35/35 MP: 5/5
   491 | D:2      | Reached skill level 5 in Unarmed Combat
   712 | D:3      | Noticed Jessica
   714 | D:3      | Noticed Sigmund
   721 | D:3      | Killed Jessica
   722 | D:3      | Reached XP level 5. HP: 31/40 MP: 6/6
   731 | D:3      | Killed Sigmund
   732 | D:3      | Reached skill level 6 in Unarmed Combat
   732 | D:3      | Reached skill level 5 in Shapeshifting
   732 | D:3      | Reached XP level 6. HP: 40/47 MP: 7/7
   853 | D:3      | Noticed Terence
   860 | D:3      | Killed Terence
   861 | D:3      | Reached skill level 7 in Unarmed Combat
  1145 | D:4      | Reached XP level 7. HP: 43/52 MP: 8/8
  1291 | D:4      | Identified the +1 helmet of Twilight {Dex+3}
  1449 | D:5      | Entered Level 5 of the Dungeon
  1676 | D:5      | HP: 2/44 [gnoll bouda/+0 club (1)]
  1676 | D:5      | Slain by a gnoll

Illustrated notes

Levels and vault maps discovered:
D:1:      lightli_arrival_quake, layout_basic
D:2:      layout_loops_ring, basic_altar, feat_on_display
D:3:      layout_rooms, uniq_terence, uniq_jessica, uniq_sigmund,
          uniq_crazy_yiuf_cottage
D:4:      layout_rooms, st_stairs_3
D:5:      minmay_razor_zed, layout_basic

Skill      XL: |  1  2  3  4  5  6 |
---------------+-------------------+-----
Unarmed Combat | 4 5 6 7 |  7.5
Shapeshifting  | 4 5 |  5.6
Fighting       | |  1.6
Dodging        | |  2.6

Action                     |  1- 3 |  4- 6 |  7- 9 || total
---------------------------+-------+-------+-------++-------
  Melee: Unarmed           |    65 |    65 |    56 ||   186
         Punch             |     3 |     2 |     2 ||     7
    Use: Scroll            |     1 |       |     5 ||     6
         Potion            |       |     2 |       ||     2
 Armour: Animal skin       |    10 |       |       ||    10
         Ring mail         |    38 |    34 |    48 ||   120
         Skin              |       |     4 |       ||     4
  Dodge: Dodged            |    51 |    34 |    42 ||   127
   Form: Flux              |       |       |     1 ||     1

Table legend: (Time is in decaauts)
 A = Elapsed time spent in this place.
 B = Non-inter-level travel time spent in this place.
 C = Inter-level travel time spent in this place.
 D = Time resting spent in this place.
 E = Time spent auto-exploring this place.
 F = Levels seen in this place.
 G = Mean time per level.
                   A        B        C        D        E       F      G
               +--------+--------+--------+--------+--------+-----+--------+
         Total |   1655 |   1589 |     66 |    251 |    869 |   5 |  331.0 |
       Dungeon |   1655 |   1589 |     66 |    251 |    869 |   5 |  331.0 |
               +--------+--------+--------+--------+--------+-----+--------+

Top non-repeatable levels by time:
     D:3: 489 daAuts
     D:4: 362 daAuts
     D:1: 320 daAuts
     D:2: 261 daAuts
     D:5: 221 daAuts
